| TOP OF THE 1ST |
|
Miami (APP) Marlins batting - Pitching for Danville Braves : RHP Luis Yanez
|
|
Pitching: RHP Luis Yanez
|
|
|
Batting: RHB Terrell Smith
|
0-0: Called Strike 0-1: Ground out 4-3 (Groundball, 4, EV 95.6 MPH)
|
|
Batting: RHB Axel Moltke
|
0-0: Ball 1-0: Called Strike 1-1: SOLO HOME RUN (Flyball, 7D, EV 96.9 MPH), Distance : 391 ft
|
|
Batting: RHB Clark Meagher
|
0-0: Called Strike 0-1: Fly out, F8 (Flyball, 89D, EV 93.8 MPH)
|
|
Batting: RHB David Martin
|
0-0: Foul Ball, location: 2F 0-1: Foul Ball, location: 2F 0-2: Ball 1-2: Ball 2-2: Ball 3-2: Foul Ball, location: 2F 3-2: Base on Balls
|
|
Batting: RHB Robbie Gomez
|
0-0: Ball 1-0: Swinging Strike 1-1: Fielders Choice at 2nd, 6-4 (Groundball, 6, EV 87.5 MPH)
|
| Top of the 1st over - 1 run, 1 hit, 0 errors, 1 left on base; Miami (APP) 1 - Danville 0 |
| BOTTOM OF THE 1ST |
|
Danville Braves batting - Pitching for Miami (APP) Marlins : RHP Leon Valle
|
|
Pitching: RHP Leon Valle
|
|
|
Batting: RHB Danny Dimas
|
0-0: Ball 1-0: Ball 2-0: Ball 3-0: Called Strike 3-1: Ground out 6-3 (Groundball, 6, EV 87.5 MPH)
|
|
Batting: RHB Mennad Maalik
|
0-0: Swinging Strike 0-1: Foul Ball, location: 2F 0-2: Ball 1-2: Ball 2-2: Ball 3-2: Fly out, F9 (Line Drive, 9D, EV 90.6 MPH)
|
|
Batting: RHB Richard Saquic
|
0-0: Ball 1-0: Ball 2-0: SINGLE (Groundball, 4M, EV 82.5 MPH) (infield hit)
|
|
Batting: RHB Paul Holland
|
0-0: Called Strike Richard Saquic is caught stealing 2nd base 2-4
|
| Bottom of the 1st over - 0 runs, 1 hit, 0 errors, 0 left on base; Miami (APP) 1 - Danville 0 |
| TOP OF THE 2ND |
|
Miami (APP) Marlins batting - Pitching for Danville Braves : RHP Luis Yanez
|
|
Batting: LHB Freddy Monge
|
0-0: Reached on error, E5 (Groundball, 56S, EV 67.5 MPH)
|
|
Batting: RHB Aaron Mamer
|
0-0: Called Strike 0-1: Ball 1-1: Ball 2-1: Ball 3-1: Fly out, F9 (Flyball, 9, EV 88.8 MPH)
|
|
Batting: RHB Francisco Valenzuela
|
0-0: Foul Ball, location: 2F 0-1: Foul Ball, location: 2F 0-2: Ball 1-2: Ball 2-2: Foul Ball, location: 2F 2-2: Strikes out swinging
|
|
Batting: RHB Hektor Luvian
|
0-0: Fly out, F8 (Line Drive, 8RS, EV 88.1 MPH)
|
| Top of the 2nd over - 0 runs, 0 hits, 1 error, 1 left on base; Miami (APP) 1 - Danville 0 |
| BOTTOM OF THE 2ND |
|
Danville Braves batting - Pitching for Miami (APP) Marlins : RHP Leon Valle
|
|
Batting: RHB Paul Holland
|
0-0: Foul Ball, location: 2F 0-1: Ball 1-1: Foul Ball, location: 2F 1-2: Strikes out swinging
|
|
Batting: RHB Ricardo Joya
|
0-0: Foul Ball, location: 2F 0-1: Ball 1-1: Swinging Strike 1-2: Strikes out swinging
|
|
Batting: RHB Vicente Guillen
|
0-0: Ball 1-0: Called Strike 1-1: Ball 2-1: Called Strike 2-2: Strikes out swinging
|
| Bottom of the 2nd over - 0 runs, 0 hits, 0 errors, 0 left on base; Miami (APP) 1 - Danville 0 |
| TOP OF THE 3RD |
|
Miami (APP) Marlins batting - Pitching for Danville Braves : RHP Luis Yanez
|
|
Batting: RHB Terrell Smith
|
0-0: Ball 1-0: Foul Ball, location: 2F 1-1: Ball 2-1: Ball 3-1: SOLO HOME RUN (Flyball, 78XD, EV 111.2 MPH), Distance : 431 ft
|
|
Batting: RHB Axel Moltke
|
0-0: Ball 1-0: Ball 2-0: Ball 3-0: Base on Balls
|
|
Batting: RHB Clark Meagher
|
0-0: Ball 1-0: Foul Ball, location: 2F 1-1: Ball 2-1: Swinging Strike 2-2: Foul Ball, location: 2F 2-2: Strikes out swinging
|
|
Batting: RHB David Martin
|
0-0: Swinging Strike 0-1: Swinging Strike 0-2: Ball Axel Moltke is caught stealing 2nd base 2-4 1-2: Hit by Pitch
|
|
Batting: RHB Robbie Gomez
|
0-0: Called Strike 0-1: Foul Ball, location: 2F 0-2: Foul Ball, location: 2F 0-2: SINGLE (Groundball, 25, EV 63.8 MPH) (infield hit) David Martin to second
|
|
Batting: LHB Freddy Monge
|
0-0: Ball 1-0: Fielders Choice at 2nd, 6-4 (Groundball, 56, EV 91.9 MPH)
|
| Top of the 3rd over - 1 run, 2 hits, 0 errors, 2 left on base; Miami (APP) 2 - Danville 0 |
| BOTTOM OF THE 3RD |
|
Danville Braves batting - Pitching for Miami (APP) Marlins : RHP Leon Valle
|
|
Batting: RHB Alex Guerra
|
0-0: Ball 1-0: Ground out 6-3 (Groundball, 6, EV 90.0 MPH)
|
|
Batting: RHB Aaron Sartini
|
0-0: Ball 1-0: Ball 2-0: Called Strike 2-1: Called Strike 2-2: Strikes out swinging
|
|
Batting: RHB Chad Starnes
|
0-0: Ball 1-0: Fly out, F7 (Flyball, 7, EV 93.1 MPH)
|
| Bottom of the 3rd over - 0 runs, 0 hits, 0 errors, 0 left on base; Miami (APP) 2 - Danville 0 |
| TOP OF THE 4TH |
|
Miami (APP) Marlins batting - Pitching for Danville Braves : RHP Luis Yanez
|
|
Batting: RHB Aaron Mamer
|
0-0: Ball 1-0: Swinging Strike 1-1: Called Strike 1-2: Foul Ball, location: 2F 1-2: Foul Ball, location: 2F 1-2: Strikes out swinging
|
|
Batting: RHB Francisco Valenzuela
|
0-0: Ball 1-0: Fly out, F7 (Flyball, 7S, EV 90.6 MPH)
|
|
Batting: RHB Hektor Luvian
|
0-0: Fly out, F9 (Flyball, 89D, EV 95.0 MPH)
|
| Top of the 4th over - 0 runs, 0 hits, 0 errors, 0 left on base; Miami (APP) 2 - Danville 0 |
| BOTTOM OF THE 4TH |
|
Danville Braves batting - Pitching for Miami (APP) Marlins : RHP Leon Valle
|
|
Batting: RHB Danny Dimas
|
0-0: Called Strike 0-1: Ball 1-1: Swinging Strike 1-2: Ball 2-2: DOUBLE (Line Drive, 7LS, EV 105.6 MPH)
|
|
Batting: RHB Mennad Maalik
|
0-0: Swinging Strike 0-1: Ball 1-1: Ball 2-1: DOUBLE (Flyball, 8RD, EV 95.0 MPH) Danny Dimas scores
|
|
Batting: RHB Richard Saquic
|
0-0: Ball 1-0: Called Strike 1-1: Foul Ball, location: 2F 1-2: Ball 2-2: Ball 3-2: Foul Ball, location: 2F 3-2: Base on Balls
|
|
Batting: RHB Paul Holland
|
0-0: Ball 1-0: Ball 2-0: Fielders Choice at 2nd, 1-4 (Groundball, 15S, EV 68.1 MPH) Mennad Maalik to third
|
|
Batting: RHB Ricardo Joya
|
0-0: Hit by Pitch Paul Holland to second
|
|
Batting: RHB Vicente Guillen
|
0-0: SINGLE (Groundball, 56D, EV 103.1 MPH) - runner OUT being hit by batted ball. (infield hit) Ricardo Joya to second
|
|
Batting: RHB Alex Guerra
|
0-0: Ball 1-0: SINGLE (Groundball, 4MS, EV 74.4 MPH) (infield hit) Mennad Maalik scores Ricardo Joya to third Vicente Guillen to second
|
|
Batting: RHB Aaron Sartini
|
0-0: Called Strike 0-1: Called Strike 0-2: Ball 1-2: Foul Ball, location: 2F 1-2: Strikes out swinging
|
| Bottom of the 4th over - 2 runs, 4 hits, 0 errors, 3 left on base; Miami (APP) 2 - Danville 2 |
| TOP OF THE 5TH |
|
Miami (APP) Marlins batting - Pitching for Danville Braves : RHP Luis Yanez
|
|
Batting: RHB Terrell Smith
|
0-0: Swinging Strike 0-1: Ball 1-1: Ball 2-1: Called Strike 2-2: Foul Ball, location: 2F 2-2: Strikes out swinging
|
|
Batting: RHB Axel Moltke
|
0-0: Ball 1-0: Foul Ball, location: 2F 1-1: Called Strike 1-2: Ball 2-2: Foul Ball, location: 2F 2-2: Foul Ball, location: 2F 2-2: Foul Ball, location: 2F 2-2: Ball 3-2: Foul Ball, location: 2F 3-2: Fly out, F9 (Line Drive, 9S, EV 89.4 MPH)
|
|
Batting: RHB Clark Meagher
|
0-0: Ball 1-0: Ball 2-0: Called Strike 2-1: Foul Ball, location: 2F 2-2: Ball 3-2: Fly out, F8 (Line Drive, 78M, EV 105.6 MPH)
|
| Top of the 5th over - 0 runs, 0 hits, 0 errors, 0 left on base; Miami (APP) 2 - Danville 2 |
| BOTTOM OF THE 5TH |
|
Danville Braves batting - Pitching for Miami (APP) Marlins : RHP Leon Valle
|
|
Batting: RHB Chad Starnes
|
0-0: Ball 1-0: Ball 2-0: Ground out 3-1 (Groundball, 34, EV 106.9 MPH)
|
|
Batting: RHB Danny Dimas
|
0-0: Foul Ball, location: 2F 0-1: Called Strike 0-2: Foul Ball, location: 2F 0-2: Strikes out swinging
|
|
Batting: RHB Mennad Maalik
|
0-0: Swinging Strike 0-1: Called Strike 0-2: Foul Ball, location: 2F 0-2: Ball 1-2: Strikes out swinging
|
| Bottom of the 5th over - 0 runs, 0 hits, 0 errors, 0 left on base; Miami (APP) 2 - Danville 2 |
| TOP OF THE 6TH |
|
Miami (APP) Marlins batting - Pitching for Danville Braves : RHP Luis Yanez
|
|
Pitching: RHP Alex Rosales
|
|
|
Batting: RHB David Martin
|
0-0: Ball 1-0: Foul Ball, location: 2F 1-1: Called Strike 1-2: Foul Ball, location: 2F 1-2: Ball 2-2: DOUBLE (Line Drive, 78D, EV 110.6 MPH)
|
|
Batting: RHB Robbie Gomez
|
0-0: Intentional Walk
|
|
Batting: LHB Freddy Monge
|
0-0: Ball 1-0: Ball 2-0: Called Strike 2-1: Fielders Choice at 2nd, 5-4 (Groundball, 56, EV 110.0 MPH) David Martin to third
|
|
Pinch Hitting: LHB Tony Olmos
|
0-0: Called Strike 0-1: Ball 1-1: Ball 2-1: Foul Ball, location: 2F 2-2: Strikes out swinging
|
|
Batting: RHB Francisco Valenzuela
|
0-0: Ball 1-0: Ball 2-0: Called Strike 2-1: Ball 3-1: Base on Balls Freddy Monge to second
|
|
Batting: RHB Hektor Luvian
|
0-0: Ball 1-0: Foul Ball, location: 2F 1-1: Ball 2-1: Foul Ball, location: 2F 2-2: Strikes out swinging
|
| Top of the 6th over - 0 runs, 1 hit, 0 errors, 3 left on base; Miami (APP) 2 - Danville 2 |
| BOTTOM OF THE 6TH |
|
Danville Braves batting - Pitching for Miami (APP) Marlins : RHP Leon Valle
|
|
Pitching: LHP Matt Rielly
|
|
|
Now in LF: Tony Olmos
|
|
|
Batting: RHB Richard Saquic
|
0-0: Ball 1-0: Ball 2-0: Called Strike 2-1: Foul Ball, location: 2F 2-2: Ball 3-2: DOUBLE (Flyball, 78D, EV 88.8 MPH)
|
|
Batting: RHB Paul Holland
|
0-0: Intentional Walk
|
|
Batting: RHB Ricardo Joya
|
0-0: Called Strike 0-1: Swinging Strike 0-2: Ball 1-2: Foul Ball, location: 2F 1-2: Foul Ball, location: 2F 1-2: Foul Ball, location: 2F 1-2: Foul Ball, location: 2F 1-2: Ball 2-2: Grounds into double play, 4-6-3 (Groundball, 4, EV 88.8 MPH) Richard Saquic to third
|
|
Batting: RHB Vicente Guillen
|
0-0: Foul Ball, location: 2F 0-1: Ground out 5-3 (Groundball, 56, EV 97.5 MPH)
|
| Bottom of the 6th over - 0 runs, 1 hit, 0 errors, 1 left on base; Miami (APP) 2 - Danville 2 |
| TOP OF THE 7TH |
|
Miami (APP) Marlins batting - Pitching for Danville Braves : RHP Alex Rosales
|
|
Batting: RHB Terrell Smith
|
0-0: Swinging Strike 0-1: Foul Ball, location: 2F 0-2: Ball 1-2: Ball 2-2: Ball 3-2: Foul Ball, location: 2F 3-2: Base on Balls
|
|
Batting: RHB Axel Moltke
|
0-0: Ball Terrell Smith steals 2nd base 1-0: Ball 2-0: Ball 3-0: Base on Balls
|
|
Batting: RHB Clark Meagher
|
0-0: Called Strike 0-1: Ground out 3-1 (Groundball, 13, EV 76.2 MPH) Terrell Smith to third Axel Moltke to second
|
|
Batting: RHB David Martin
|
0-0: Intentional Walk
|
|
Pitching: LHP Ben Woods
|
|
|
Batting: RHB Robbie Gomez
|
0-0: Foul Ball, location: 2F 0-1: Grounds into fielders choice 5-2 (Groundball, 56S, EV 81.9 MPH) Axel Moltke to third David Martin to second
|
|
Batting: LHB Freddy Monge
|
0-0: Ball 1-0: Called Strike 1-1: Foul Ball, location: 2F 1-2: Ball 2-2: DOUBLE (Flyball, 8LXD, EV 91.2 MPH) Axel Moltke scores David Martin scores Robbie Gomez to third Runner from 3rd tries for Home, SAFE, throw by CF to home
|
|
Batting: LHB Tony Olmos
|
0-0: Called Strike 0-1: Ball 1-1: Ball 2-1: Foul Ball, location: 2F 2-2: Foul Ball, location: 2F 2-2: Foul Ball, location: 2F 2-2: Foul Ball, location: 2F 2-2: Ball 3-2: Base on Balls
|
|
Batting: RHB Francisco Valenzuela
|
0-0: Foul Ball, location: 2F 0-1: Foul Ball, location: 2F 0-2: Strikes out swinging
|
| Top of the 7th over - 3 runs, 1 hit, 0 errors, 2 left on base; Miami (APP) 5 - Danville 2 |
| BOTTOM OF THE 7TH |
|
Danville Braves batting - Pitching for Miami (APP) Marlins : LHP Matt Rielly
|
|
Batting: RHB Alex Guerra
|
0-0: Foul Ball, location: 2F 0-1: Foul Ball, location: 2F 0-2: Ball 1-2: Ball 2-2: Fly out, F6 (Popup, 4M, EV 57.5 MPH)
|
|
Batting: RHB Aaron Sartini
|
0-0: SINGLE (Groundball, 34D, EV 101.2 MPH)
|
|
Pitching: RHP Freddie Robe
|
|
|
Batting: RHB Chad Starnes
|
0-0: Called Strike 0-1: Fly out, F8 (Flyball, 8RD, EV 104.4 MPH)
|
|
Batting: RHB Danny Dimas
|
0-0: Fielders Choice at 2nd, 5-4 (Groundball, 56, EV 106.9 MPH)
|
| Bottom of the 7th over - 0 runs, 1 hit, 0 errors, 1 left on base; Miami (APP) 5 - Danville 2 |
| TOP OF THE 8TH |
|
Miami (APP) Marlins batting - Pitching for Danville Braves : LHP Ben Woods
|
|
Batting: RHB Hektor Luvian
|
0-0: Ball 1-0: Foul Ball, location: 2F 1-1: Ball 2-1: Ball 3-1: Called Strike 3-2: Foul Ball, location: 2F 3-2: Ground out U3 (Groundball, 34S, EV 93.8 MPH)
|
|
Batting: RHB Terrell Smith
|
0-0: Ball 1-0: Fly out, F7 (Flyball, 7S, EV 93.8 MPH)
|
|
Batting: RHB Axel Moltke
|
0-0: Ball 1-0: Foul Ball, location: 2F 1-1: Foul Ball, location: 2F 1-2: Ball 2-2: Ground out 4-3 (Groundball, 4, EV 108.8 MPH)
|
| Top of the 8th over - 0 runs, 0 hits, 0 errors, 0 left on base; Miami (APP) 5 - Danville 2 |
| BOTTOM OF THE 8TH |
|
Danville Braves batting - Pitching for Miami (APP) Marlins : RHP Freddie Robe
|
|
Batting: RHB Mennad Maalik
|
0-0: Ball 1-0: Foul Ball, location: 2F 1-1: Called Strike 1-2: Ball 2-2: Foul Ball, location: 2F 2-2: Foul Ball, location: 2F 2-2: Ground out U3 (Groundball, 34S, EV 79.4 MPH)
|
|
Batting: RHB Richard Saquic
|
0-0: Called Strike 0-1: Fly out, F8 (Flyball, 8LD, EV 101.2 MPH)
|
|
Batting: RHB Paul Holland
|
0-0: DOUBLE (Flyball, 8RXD, EV 111.2 MPH)
|
|
Batting: RHB Ricardo Joya
|
0-0: Ground out 5-3 (Groundball, 56S, EV 87.5 MPH)
|
| Bottom of the 8th over - 0 runs, 1 hit, 0 errors, 1 left on base; Miami (APP) 5 - Danville 2 |
| TOP OF THE 9TH |
|
Miami (APP) Marlins batting - Pitching for Danville Braves : LHP Ben Woods
|
|
Pitching: RHP Jairo Picano
|
|
|
Batting: RHB Clark Meagher
|
0-0: Ball 1-0: Swinging Strike 1-1: Ball 2-1: Ball 3-1: Base on Balls
|
|
Batting: RHB David Martin
|
0-0: Foul Ball, location: 2F 0-1: Ball 1-1: Called Strike 1-2: Ball 2-2: Ball 3-2: Reached on error, E5 (Groundball, 56, EV 101.2 MPH) Clark Meagher to second
|
|
Batting: RHB Robbie Gomez
|
0-0: Ball 1-0: Fly out, F3 (Popup, 3F, EV 61.9 MPH)
|
|
Batting: LHB Freddy Monge
|
0-0: Called Strike 0-1: Ball 1-1: Foul Ball, location: 2F 1-2: Fly out, F7 (Flyball, 78S, EV 87.5 MPH)
|
|
Batting: LHB Tony Olmos
|
0-0: Ground out 4-3 (Groundball, 4, EV 90.6 MPH)
|
| Top of the 9th over - 0 runs, 0 hits, 1 error, 2 left on base; Miami (APP) 5 - Danville 2 |
| BOTTOM OF THE 9TH |
|
Danville Braves batting - Pitching for Miami (APP) Marlins : RHP Freddie Robe
|
|
Pitching: RHP Kyle Beabout
|
|
|
Batting: RHB Vicente Guillen
|
0-0: Ball 1-0: Ball 2-0: Ball 3-0: Called Strike 3-1: Ground out 6-3 (Groundball, 6M, EV 102.5 MPH)
|
|
Pinch Hitting: RHB Rodolfo Cosme
|
0-0: Called Strike 0-1: Ball 1-1: Ball 2-1: Foul Ball, location: 2F 2-2: Ball 3-2: Foul Ball, location: 2F 3-2: Ground out 6-3 (Groundball, 6, EV 80.6 MPH)
|
|
Pinch Hitting: RHB Jesus Diego
|
0-0: Ball 1-0: Foul Ball, location: 2F 1-1: Ground out 6-3 (Groundball, 6M, EV 102.5 MPH)
|
| Bottom of the 9th over - 0 runs, 0 hits, 0 errors, 0 left on base; Miami (APP) 5 - Danville 2 |
|